 Dungeon Crawl Stone Soup version 0.28-a0-1447-ga5a8893891 (webtiles) character file.

Game seed: 4951505389654635906

16 riojii the Grasshopper (level 2, -8/25 HPs)
             Began as a Draconian Warper on Jan 11, 2022.
             Mangled by a gnoll (9 damage)
             ... on level 1 of the Dungeon.
             The game lasted 00:01:33 (1355 turns).

riojii the Grasshopper (Draconian Warper)           Turns: 1355, Time: 00:01:33

Health: -8/25      AC:  4    Str: 13    XL:     2   Next: 37%
Magic:  5/5        EV: 10    Int: 13    God:
Gold:   58         SH:  6    Dex: 10    Spells: 5/5 levels left

rFire   . . .      SeeInvis .   a - +0 hand axe
rCold   . . .      Faith    .   i - +0 kite shield
rNeg    . . .      Spirit   .   (armour unavailable)
rPois   .          Reflect  .   (helmet restricted)
rElec   .          Harm     .   (no cloak)
rCorr   .          Rampage  .   (no gloves)
Will    .....                   (no boots)
Stlth   +.........              (no amulet)
HPRegen 0.08/turn               (no ring)
MPRegen 0.09/turn               (no ring)

@: no status effects
A: AC +4, unfitting armour, cold-blooded
a: no special abilities


You were on level 1 of the Dungeon.
You visited 1 branch of the dungeon, and saw 2 of its levels.

You collected 58 gold pieces.

Inventory:

Hand Weapons
 a - a +0 hand axe (weapon)
Missiles
 c - 5 boomerangs of dispersal (quivered)
 g - 15 poisoned darts
Armour
 i - a +0 kite shield (worn)
Scrolls
 b - 2 scrolls of blinking
 d - a scroll of identify {unknown}
 e - a scroll of fear {unknown}
 h - a scroll of magic mapping {unknown}
Potions
 f - a potion of haste {unknown}
 j - a potion of heal wounds {unknown}
 k - a potion of brilliance {unknown}
 l - a potion of curing {unknown}


   Skills:
 + Level 2.3 Fighting
 * Level 2.3 Axes
 - Level 0.8 Throwing
 + Level 2.3 Dodging
 + Level 2.1 Spellcasting
 + Level 3.1 Translocations


You had 5 spell levels left.
You didn't know any spells.
Your spell library contained the following spells:

 Spells                   Type           Power      Damage    Failure   Level
 Apportation              Tloc           18%        N/A       26%         1
 Blink                    Tloc           18%        N/A       36%         2
 Gell's Gravitas          Tloc           9%         N/A       58%         3
 Lesser Beckoning         Tloc           9%         N/A       58%         3
 Teleport Other           Tloc           9%         N/A       58%         3
 Animate Skeleton         Necr           2%         N/A       67%         1
 Summon Small Mammal      Summ           4%         N/A       67%         1
 Manifold Assault         Tloc           9%         N/A       100%        5


Dungeon Overview and Level Annotations

Branches:
Dungeon (2/15)

Altars:


Innate Abilities, Weirdness & Mutations

Your plain brown scales are hard. (AC +4)
You cannot fit into any form of body armour.
You are cold-blooded and may be slowed by cold attacks.


Message History

No target in view!
No target in view!
No target in view!
No target in view!
No target in view!
You see here a +0 club.
You now have 58 gold pieces (gained 9).
You open the door.
There is an open door here.
There is an open door here.
There is an open door here.
There is an open door here.
There is an open door here.
Done exploring.
Done exploring.
(D) Dungeon
Where to? (Enter - D:1 @ (x,y), ? - help)
There is an open door here.
There is an open door here.
There is a stone staircase leading down here.
You climb downwards.
The gnoll shouts! x2; You hear a shout! x3
Found 15 gold pieces.
Found a stone staircase leading up.
There is a stone staircase leading up here.
There are monsters nearby!
You block the bat's attack. The bat completely misses you.
The gnoll hits you with a +0 flail of holy wrath.
You climb upwards.
There is a stone staircase leading down here.
You barely miss the gnoll.
The gnoll hits you with a +0 flail of holy wrath!
You closely miss the gnoll.
The gnoll hits you with a +0 flail of holy wrath.
You hit the gnoll.
The gnoll is lightly wounded.
The gnoll hits you with a +0 flail of holy wrath!
* * * LOW HITPOINT WARNING * * *
The gnoll hits you with a +0 flail of holy wrath!
You die...

..#####.####...## ######.##
##.# ........# ##.##
#...#####.# ..####### ###
#.......... ### #...#####.#
##### #.# ###### #.# .....#
###### #.# ####.#
########....## #.# #.#
#..@.........## ##.#
####.####
#...g.........###...
........#
#.###.PP♣P.P.......#
####.##.#
#.###..♣..♣...###... # #.##.#
#.....P.._.P........
####.##.#
#.###..P.......##...
.....##.#
#......♣P..P...###.#
#######.##########..P......##
#.# #.....# #........## #.#


You could see a gnoll.

Vanquished Creatures
  An endoplasm (D:1)
  2 giant cockroaches (D:1)
  3 goblins (D:1)
  A hobgoblin (D:1)
  2 ball pythons (D:1)
  A frilled lizard (D:1)
  2 kobolds (D:1)
  3 rats (D:1)
15 creatures vanquished.

Vanquished Creatures (others)
  2 fungi (D:1)
2 creatures vanquished.

Grand Total: 17 creatures vanquished

Notes
Turn   | Place    | Note
-------+----------+-------------------------------------------
     0 | D:1      | riojii the Draconian Warper began the quest for the Orb.
     0 | D:1      | Reached XP level 1. HP: 17/17 MP: 3/3
   201 | D:1      | Found a faded altar of an unknown god.
   496 | D:1      | Reached XP level 2. HP: 16/25 MP: 5/5
  1355 | D:1      | HP: 1/25 [gnoll (7)]
  1355 | D:1      | Mangled by a gnoll

Illustrated notes

Levels and vault maps discovered:
D:1:      wander_arrival_chamber, layout_loops_corners,
          dreamdust_ecumenical_altar_grove, dk_noncrumbling_2,
          minmay_misc_feat_secret_circle
D:2:      layout_rooms, uniq_robin

Action                   || total
-------------------------++-------
Melee: Hand axe          ||    43
       Tailslap          ||     8
Armor: Skin              ||    10
Dodge: Dodged            ||    16
Block: Kite shield       ||     2

Table legend: (Time is in decaauts)
 A = Elapsed time spent in this place.
 B = Non-inter-level travel time spent in this place.
 C = Inter-level travel time spent in this place.
 D = Time resting spent in this place.
 E = Time spent auto-exploring this place.
 F = Levels seen in this place.
 G = Mean time per level.
                   A        B        C        D        E       F      G
               +--------+--------+--------+--------+--------+-----+--------+
         Total |   1365 |   1273 |     92 |      0 |   1150 |   2 |  682.5 |
       Dungeon |   1365 |   1273 |     92 |      0 |   1150 |   2 |  682.5 |
               +--------+--------+--------+--------+--------+-----+--------+

Top non-repeatable levels by time:
     D:1: 1362 daAuts
     D:2: 2 daAuts
